 Dungeon Crawl Stone Soup version 0.31-a0-165-g3f4f80340b (webtiles) character file.

Game seed: 6287152450474840071

501 qw the Shooter (level 7, -1/43 HPs)
             Began as a Gargoyle Hunter on June 13, 2023.
             Was an Initiate of Okawaru.
             Slain by Pikel
             ... wielding a +2 whip of flaming
              (2 damage)
             ... on level 4 of the Dungeon.
             The game lasted 00:01:27 (2975 turns).

qw the Shooter (Gargoyle Hunter)                    Turns: 2975, Time: 00:01:27

Health: -1/43      AC: 14    Str: 14    XL:     7   Next: 17%
Magic:  4/7        EV: 15    Int: 13    God:    Okawaru [......]
Gold:   164        SH:  0    Dex: 15    Spells: 6/6 levels left

rFire   . . .        Y - +0 shortbow
rCold   + . .        (shield currently unavailable)
rNeg    + . .        e - +0 leather armour {rC+}
rPois   inf          l - +2 hat {Int+3}
rElec   +            g - scarf {repulsion}
rCorr   .            c - +1 pair of gloves
SInv    .            b - +0 pair of boots
Will    .....        (no amulet)
Stlth   +++          (no ring)
HPRegen 0.27/turn    (no ring)
MPRegen 0.10/turn

%: repel missiles
@: heroic
A: sickness immunity, AC +4, negative energy resistance 1, electricity
resistance, torment resistance 1, petrification resistance
a: Renounce Religion


You were on level 4 of the Dungeon.
You worshipped Okawaru.
Okawaru was noncommittal.
You visited 1 branch of the dungeon, and saw 4 of its levels.

You collected 164 gold pieces.


Innate Abilities, Weirdness & Mutations

You are immune to sickness and miasma.
Your stone body is resilient. (AC +4)
You are immune to poison.
You resist negative energy. (rN+)
You are resistant to electric shocks. (rElec)
You are resistant to unholy torment.
You are immune to petrification.


   Skills:
 - Level 4.0(9.0) Fighting
 + Level 7.3(12.3) Ranged Weapons
 - Level 1.0(6.0) Armour
 - Level 2.3(7.3) Dodging
 - Level 1.1(6.1) Stealth


You had 6 spell levels left.
You didn't know any spells.
Your spell library was empty.

Inventory:

Hand Weapons
 Y - a +0 shortbow (weapon)
Armour
 b - a +0 pair of boots (worn)
 c - a +1 pair of gloves (worn)
 d - a +0 ring mail
 e - a +0 leather armour of cold resistance (worn)
 g - a scarf of repulsion (worn)
 l - a +2 hat of intelligence (worn)
Jewellery
 h - a +4 ring of protection
Scrolls
 a - 2 scrolls of identify
 f - a scroll of enchant armour {unknown}
 i - a scroll of vulnerability {unknown}

Dungeon Overview and Level Annotations

Branches:
Dungeon (4/15)
 Temple: D:4-7

Altars:
Okawaru
Ru

Annotations:
D:4 Pikel


Message History

The arrow closely misses Pikel.
You shoot an arrow. The arrow hits Pikel!
Pikel is lightly wounded.
You shoot an arrow. The arrow hits Pikel.
Pikel is moderately wounded.
You shoot an arrow.
The arrow hits Pikel but does no damage.
Pikel is moderately wounded.
You feel like a meek peon again.
Pikel hits you with a +2 whip of flaming!
Pikel burns you.
2968 ||| INVOKING Heroism.
You gain the combat prowess of a mighty hero.
You can no longer gain great but temporary skills.
Pikel hits you with a +2 whip of flaming!
Pikel burns you.
You shoot an arrow. The arrow closely misses Pikel.
The arrow closely misses the lemure.
Pikel closely misses you.
You shoot an arrow. The arrow hits Pikel.
Pikel is moderately wounded.
Pikel hits you with a +2 whip of flaming.
Pikel burns you.
You shoot an arrow. The arrow hits Pikel.
Pikel is moderately wounded.
Pikel closely misses you.
You shoot an arrow.
The arrow hits Pikel but does no damage.
Pikel is moderately wounded.
You shoot an arrow. The arrow hits Pikel.
Pikel is heavily wounded.
Pikel misses you.
You shoot an arrow. The arrow hits Pikel!
Pikel is severely wounded.
Pikel misses you.
You shoot an arrow. The arrow completely misses Pikel.
The arrow barely misses the lemure.
Pikel hits you with a +2 whip of flaming.
Pikel burns you.
You die...

...... #.......[##
#.......... .
###..(..#.... ..
########........... ...
##.##..#........... ....
#.......#..#....## .....
>....##.#......#.#5.....
#...............@K5.....
.#...............#......
.##..............# .....
#....###...##.....# ....
...........###..#.## ...
.......#...###.##... .#
##.....###......#.... .
........#............
.........#.........


You could see Pikel (strong) and 2 lemures.

Vanquished Creatures
  Menkaure (D:4)
  2 lemures (D:4)
  A bullfrog (D:2)
  Blork the orc (D:4)
  A hound (D:3)
  An orc priest (D:3)
  Natasha (twice) (D:3)
  4 adders
  2 worms
  2 dart slugs
  6 orcs (D:3)
  9 ball pythons
  7 endoplasms
  4 giant cockroaches
  12 goblins
  8 hobgoblins
  2 jackals (D:1)
  2 kobolds
  3 quokkas
  10 bats
  4 frilled lizards
  5 rats
89 creatures vanquished.

Notes
Turn   | Place    | Note
-------+----------+-------------------------------------------
     0 | D:1      | qw the Gargoyle Hunter began the quest for the Orb.
     0 | D:1      | Reached XP level 1. HP: 12/12 MP: 1/1
     0 | D:1      | 0 ||| qw: Version: 0.2-a-29-gc1b59c4
     0 | D:1      | 0 ||| qw: Game counter: 4683
     0 | D:1      | 0 ||| qw: Always use a shield: true
     0 | D:1      | 0 ||| qw: God list: Okawaru
     0 | D:1      | 0 ||| qw: Allow faded altars: false
     0 | D:1      | 0 ||| qw: Do Orc after D:15 true
     0 | D:1      | 0 ||| qw: Do second Lair branch before Depths: true
     0 | D:1      | 0 ||| qw: Lair rune preference: random
     0 | D:1      | 0 ||| qw: Plans: Normal, Zot:1-4, Slime:5, God:TSO, Crypt,
                  | Tomb, Abyss, Pan, Hells, Win
     0 | D:1      | 0 ||| PLANNING D:1-11
   100 | D:1      | 100 ||| FLEEEEING.
   111 | D:1      | Reached XP level 2. HP: 17/17 MP: 2/2
   338 | D:1      | Reached XP level 3. HP: 21/21 MP: 3/3
   363 | D:1      | Reached skill level 5 in Ranged Weapons
   683 | D:1      | 683 ||| UPGRADING to +0 ring mail.
   693 | D:1      | 693 ||| DROPPING +0 leather armour.
   694 | D:1      | 694 ||| READING 3 scrolls labelled IXTEMO KETIDD.
   695 | D:1      | 695 ||| DRINKING 2 murky emerald potions.
   696 | D:1      | 696 ||| READING 2 scrolls of identify.
   696 | D:1      | 696 ||| IDENTIFYING ruby potion
   697 | D:1      | 697 ||| DROPPING scroll of butterflies.
   698 | D:1      | 698 ||| DROPPING potion of enlightenment.
   798 | D:2      | Reached skill level 1 in Armour
   848 | D:2      | Reached skill level 3 in Fighting
   848 | D:2      | Reached XP level 4. HP: 28/28 MP: 4/4
   919 | D:2      | Identified the +0 hand axe of the Forsaken Ships {flame,
                  | rF+ Will+ Str+4}
   966 | D:2      | Found an iron altar of Okawaru.
   967 | D:2      | 967 ||| PLANNING OKAWARU WORSHIP
   971 | D:2      | 971 ||| UPGRADING to +0 pair of boots.
   976 | D:2      | 976 ||| READING scroll labelled IRRAK FARUSUFUFF.
  1052 | D:2      | 1052 ||| READING 2 scrolls of identify.
  1052 | D:2      | 1052 ||| IDENTIFYING lumpy clear potion
  1053 | D:2      | 1053 ||| DROPPING potion of degeneration.
  1074 | D:2      | Became a worshipper of Warmaster Okawaru
  1074 | D:2      | 1074 ||| PLANNING D:1-11
  1289 | D:2      | 1289 ||| UPGRADING to +1 pair of gloves.
  1294 | D:2      | 1294 ||| UPGRADING to +0 leather armour of cold resistance.
  1343 | D:3      | Noticed a bullfrog
  1353 | D:3      | 1353 ||| STAIRDANCE
  1358 | D:2      | Killed a bullfrog
  1359 | D:2      | Reached XP level 5. HP: 22/32 MP: 5/5
  1418 | D:3      | Reached skill level 6 in Ranged Weapons
  1467 | D:3      | Found a faded altar of an unknown god.
  1579 | D:3      | Noticed Natasha
  1586 | D:3      | Killed Natasha
  1834 | D:3      | Reached XP level 6. HP: 29/38 MP: 6/6
  2136 | D:3      | Noticed Natasha
  2146 | D:3      | Killed Natasha
  2505 | D:3      | HP: 7/38 [orc/+0 flail (6)]
  2506 | D:3      | 2506 ||| DRINKING potion of heal wounds.
  2516 | D:3      | HP: 7/38 [orc/+0 flail (5)]
  2517 | D:3      | Reached * piety under Okawaru
  2518 | D:3      | 2518 ||| INVOKING Heroism.
  2642 | D:3      | Found the +7 staff of the Meek {protect, meekguard}
  2680 | D:3      | Found a sacrificial altar of Ru.
  2720 | D:3      | 2720 ||| UPGRADING to scarf of repulsion.
  2725 | D:3      | 2725 ||| UPGRADING to +2 hat of intelligence.
  2730 | D:3      | 2730 ||| READING scroll labelled RENAMUKHEGORPH.
  2731 | D:3      | 2731 ||| READING scroll labelled NAFUKA LODYS.
  2732 | D:3      | 2732 ||| READING scroll labelled LUNLE WAGUDWUULU.
  2733 | D:3      | 2733 ||| READING scroll labelled GIM PEEDOSEPT.
  2734 | D:3      | 2734 ||| READING 3 scrolls of identify.
  2734 | D:3      | 2734 ||| IDENTIFYING fuming red potion
  2735 | D:3      | 2735 ||| READING 2 scrolls of identify.
  2735 | D:3      | 2735 ||| IDENTIFYING brown potion
  2736 | D:3      | 2736 ||| DROPPING potion of invisibility.
  2737 | D:3      | 2737 ||| DROPPING potion of ambrosia.
  2784 | D:4      | Noticed Menkaure
  2792 | D:4      | 2792 ||| STAIRDANCE
  2836 | D:4      | Killed Menkaure
  2837 | D:4      | Reached skill level 7 in Ranged Weapons
  2837 | D:4      | Reached XP level 7. HP: 34/43 MP: 7/7
  2924 | D:4      | Noticed Blork the orc
  2925 | D:4      | 2925 ||| INVOKING Heroism.
  2926 | D:4      | 2926 ||| INVOKING Heroism.
  2931 | D:4      | Killed Blork the orc
  2949 | D:4      | Noticed Pikel
  2955 | D:4      | 2955 ||| INVOKING Heroism.
  2968 | D:4      | 2968 ||| INVOKING Heroism.
  2970 | D:4      | HP: 8/43 [Pikel/+2 whip of flaming (6)]
  2975 | D:4      | HP: 1/43 [Pikel/+2 whip of flaming (6)]
  2975 | D:4      | Slain by Pikel

Levels and vault maps discovered:
D:1:      erik_arrival_triangle_medium, layout_basic, st_stairs_14,
          minmay_pentomino_z4
D:2:      minmay_inner_zag, layout_rooms, basic_altar
D:3:      layout_loops_corners, nicolae_ru_path_of_blood,
          hellmonk_ecumenical_altar_zigzags, pf_guarded_unrand_meek,
          uniq_natasha
D:4:      layout_cave_pools, nicolae_dithmenos_shadow_blocks,
          minmay_temple_entry_enclosed_plants, minmay_gold_behind_fungi,
          uniq_pikel, uniq_blork_the_orc, uniq_menkaure

Skill      XL: |  1  2  3  4  5  6  7 |
---------------+----------------------+-----
Ranged Weapons | 5 6 7 |  7.3
Armour         | 1 |  1.0
Fighting       | 3 4 |  4.0
Dodging        | 2 |  2.3
Stealth        | |  1.1

Action                     |  1- 3 |  4- 6 |  7- 9 || total
---------------------------+-------+-------+-------++-------
   Fire: Shortbow          |   130 |   191 |    44 ||   365
 Invoke: Heroism           |       |     1 |     3 ||     4
    Use: Scroll            |     2 |     8 |       ||    10
         Potion            |     1 |     1 |       ||     2
 Armour: Leather armour    |     9 |    47 |     1 ||    57
         Ring mail         |    21 |     9 |       ||    30
  Dodge: Dodged            |    19 |    94 |     8 ||   121
         Repelled          |       |       |     1 ||     1

Table legend:
 A = Non-vault XP
 B = Vault XP
 C = Vault XP percentage of total XP
 D = Non-vault monster count
 E = Vault monster count
 F = Vault count percentage of total count
                 A         B        C        D         E       F
            +---------+---------+-------+---------+---------+-------
      Total |     342 |     374 |  52.2 |      68 |      19 |  21.8
            +---------+---------+-------+---------+---------+-------
        D:1 |      56 |       8 |  12.5 |      30 |       5 |  14.3
        D:2 |     128 |      14 |   9.9 |      15 |       6 |  28.6
        D:3 |     150 |      90 |  37.5 |      20 |       6 |  23.1
        D:4 |       8 |     262 |  97.0 |       3 |       2 |  40.0
            +---------+---------+-------+---------+---------+-------
